 Dungeon Crawl Stone Soup version 0.31-a0-925-g0a390f2509 (webtiles) character file.

Game seed: 15139950850781601227

1625 Demosthentine the Trooper (level 8, 0/85 HPs)
             Began as a Demonspawn Gladiator on Oct 18, 2023.
             Was a Follower of Hepliaklqana.
             Slain by Joseph
             ... wielding a +0 quarterstaff
              (11 damage)
             ... on level 7 of the Dungeon.
             The game lasted 00:07:50 (6243 turns).

Demosthentine the Trooper (Demonspawn Gladiator)    Turns: 6243, Time: 00:07:51

Health: 0/85       AC: 24    Str: 17    XL:     8   Next: 65%
Magic:  8/8        EV:  2    Int: 10    God:    Hepliaklqana [*.....]
Gold:   248        SH:  0    Dex: 14    Spells: 7/7 levels left

rFire   + . .        b - +1 trident (freeze)
rCold   + . .        (no shield)
rNeg    . . .        c - melded +4 leather armour of Chimes {rC+}
rPois   +            (helmet currently unavailable)
rElec   .            B - melded +0 cloak
rCorr   .            (gloves currently unavailable)
SInv    .            u - melded +0 pair of boots
Will    .....        (no amulet)
Stlth   +            n - ring of protection from fire
HPRegen 0.34/turn    h - ring of protection from cold
MPRegen 0.11/turn

%: no passive effects
@: tree-form
A: stationary, stasis, torment immunity, boosted hp, reduced essence, (antennae
2), powered by death 1
a: Renounce Religion, Recall Ancestor, Ancestor Identity


You were on level 7 of the Dungeon.
You worshipped Hepliaklqana.
Hepliaklqana was aware of your devotion.
You were a tree.
You visited 2 branches of the dungeon, and saw 8 of its levels.
You also visited: Sewer.

You collected 443 gold pieces.
You spent 195 gold pieces at shops.

Inventory:

Hand Weapons
 b - a +1 trident of freezing (weapon)
 m - a +4 trident
Missiles
 e - a javelin
Armour
 c - the +4 leather armour of Chimes (melded) {rC+}
   (You found it on level 2 of the Dungeon)

   rC+:       It protects you from cold.
 u - a +0 pair of boots (melded)
 B - a +0 cloak (melded)
Jewellery
 d - a +4 ring of protection
 h - a ring of protection from cold (right branch)
 n - a ring of protection from fire (left branch)
 o - a +6 ring of dexterity
 r - a ring of wizardry
 w - a ring of see invisible
Wands
 t - a wand of light (10)
 y - a wand of flame (4)
Scrolls
 a - 3 scrolls of teleportation
 p - 3 scrolls of fear
 q - 3 scrolls of fog
 E - a scroll of identify
Potions
 f - a potion of haste
 g - a potion of resistance
 i - a potion of enlightenment
 j - a potion of invisibility
 k - a potion of magic {unknown}
 l - a potion of might
 s - a potion of mutation {unknown}
 v - a potion of cancellation
 x - a potion of lignification
 z - a potion of curing
 A - a potion of attraction {unknown}
 C - a potion of ambrosia {unknown}


   Skills:
 + Level 5.8 Fighting
 + Level 5.6 Polearms
 - Level 1.7 Throwing
 + Level 4.8 Armour
 + Level 5.7 Dodging


You had 7 spell levels left.
You didn't know any spells.
Your spell library contained the following spells:

 Spells                   Type           Power      Damage    Failure   Level
 Ignite Poison            Fire/Tmut/Pois 0%         N/A       75%         3
 Summon Guardian Golem    Hex/Summ       0%         N/A       75%         3
 Leda's Liquefaction      Hex/Erth       0%         N/A       98%         4
 Sticky Flame             Conj/Fire      0%         2d3       98%         4
 Lee's Rapid Deconstruct  Erth           0%         3d4*      100%        5
 Bombard                  Conj/Erth      0%         9d1       100%        6
 Orb of Destruction       Conj           0%         9d5       100%        7
 Spellforged Servitor     Conj/Summ      0%         N/A       100%        7
 Ignition                 Fire           0%         3d3       100%        8


Dungeon Overview and Level Annotations

Branches:
Dungeon (7/15)             Temple (1/1) D:4           Sewer (visited)

Altars:
Ashenzari
Cheibriados
Dithmenos
Fedhas
Gozag
Hepliaklqana
Makhleb
Nemelex Xobeh
Okawaru
Qazlal
Ru
Trog
Uskayaw
Vehumet
Wu Jian
Yredelemnul

Shops:
D:1 (   D:2 [   D:7 *

Annotations:
D:7 Joseph


Innate Abilities, Weirdness & Mutations

You are a tree.
Your roots penetrate the ground, keeping you stationary.
You cannot be teleported.
You are immune to unholy pain and torment.
Your maximum health is greatly increased.
Your equipment is partially melded.
Your life essence is reduced to manifest your ancestor. (-10% HP)
((You have a pair of antennae on your head.))
You regenerate a little health from kills.


Message History

Joseph says, "You must be punished!
Or...
I want to punish you!"
Joseph shoots a sling bullet.
The sling bullet barely misses you. The hound closely misses you.
You release spores at the hound!
You kill the hound!
Joseph shoots a sling bullet.
The sling bullet barely misses you.
You stop sporulating.
Your +1 trident of freezing unmelds from your body.
Your +0 cloak unmelds from your body.
Your +0 pair of boots unmelds from your body.
The +4 leather armour of Chimes {rC+} unmelds from your body.
Your +1 trident of freezing glows with a cold blue light!
Joseph shouts, "I love to fight!
I love killing!"
Joseph shoots a sling bullet.
The sling bullet hits you!
* * * LOW HITPOINT WARNING * * *
It was a potion of cancellation.
You feel magically purged.
It was a potion of lignification.
You turn into a tree.
Your +0 cloak melds into your body.
Your +0 pair of boots melds into your body.
The +4 leather armour of Chimes {rC+} melds into your body.
Your roots penetrate the ground.
Joseph unwields a +3 heavy sling.
Joseph wields a +0 quarterstaff.
Joseph hits you with a +0 quarterstaff.
* * * LOW HITPOINT WARNING * * *
You hit Joseph. You freeze Joseph.
Joseph is lightly wounded.
You barely miss Joseph.
Joseph is lightly wounded.
Joseph hits you but does no damage.
You hit Joseph. You freeze Joseph.
Joseph is moderately wounded.
Joseph hits you with a +0 quarterstaff.
* * * LOW HITPOINT WARNING * * *
You hit Joseph. You freeze Joseph.
Joseph is moderately wounded.
Joseph hits you with a +0 quarterstaff!
* * * LOW HITPOINT WARNING * * *
You barely miss Joseph.
Joseph is moderately wounded.
Joseph hits you with a +0 quarterstaff!
You die...

###.....#.
#........#.
#.........
#.......#
#.......#
#.......#
#.:.@...#
#..♣†...#
####...##
#....######
#..........
#....#######
###........#
####.######.#
#....# #....#


You could see Joseph.

Vanquished Creatures
  A steam dragon (D:6)
  Menkaure (D:5)
  A water moccasin (D:6)
  2 orc warriors (D:6)
  A black bear (D:4)
  An ogre (D:5)
  A centaur (D:6)
  The ghost of Runia the Chiller, an amateur MfIE of Fedhas (D:3)
  A phantom (D:5)
  A gnoll sergeant (D:5)
  2 bullfrogs (Sewer)
  2 jellies
  An orc priest (D:6)
  A hound (D:7)
  2 iguanas
  Ijyb (D:5)
  An orc wizard (D:6)
  A mummy (D:5)
  5 adders
  3 gnolls (D:5)
  2 shadow imps
  2 ufetubi (D:5)
  A dart slug (D:3)
  13 orcs
  20 endoplasms
  14 giant cockroaches
  10 goblins
  15 hobgoblins
  2 jackals (D:4)
  5 kobolds (D:4)
  13 quokkas
  15 ball pythons
  5 bats
  6 frilled lizards
  8 rats
161 creatures vanquished.

Vanquished Creatures (collateral kills)
  2 orcs
2 creatures vanquished.

Vanquished Creatures (others)
  An ancestor (D:7)
1 creature vanquished.

Grand Total: 164 creatures vanquished

Notes
Turn   | Place    | Note
-------+----------+-------------------------------------------
     0 | D:1      | Demosthentine the Demonspawn Gladiator began the quest for
                  | the Orb.
     0 | D:1      | Reached XP level 1. HP: 16/16 MP: 1/1
   233 | D:1      | Gained mutation: You have a pair of small antennae on your
                  | head. [demonic ancestry]
   233 | D:1      | Reached XP level 2. HP: 22/22 MP: 2/2
   308 | D:1      | Found a faded altar of an unknown god.
   413 | D:1      | Found Kiromnad's Antique Weapon Shop.
   785 | D:2      | Reached skill level 1 in Armour
   796 | D:2      | Reached XP level 3. HP: 24/28 MP: 3/3
   957 | D:2      | Reached XP level 4. HP: 22/34 MP: 4/4
  1009 | D:2      | Found Odaofothrau's Antique Armour Emporium.
  1024 | D:2      | Identified the +4 leather armour of Chimes {rC+}
  1671 | D:3      | Found a glowing drain.
  1675 | Sewer    | Entered a sewer
  2003 | Sewer    | Reached XP level 5. HP: 41/41 MP: 5/5
  2179 | Sewer    | Reached XP level 6. HP: 30/47 MP: 6/6
  2672 | D:3      | Found a runed translucent door.
  2677 | D:3      | Noticed Runia's ghost (amateur MfIE)
  2870 | D:1      | Bought a runed trident for 123 gold pieces
  2968 | D:3      | Killed Runia's ghost
  3290 | D:4      | Found a staircase to the Ecumenical Temple.
  3602 | D:4      | Found an ornate altar of the Wu Jian Council.
  3613 | D:4      | Gained mutation: You have a pair of antennae on your head.
                  | [demonic ancestry]
  3613 | D:4      | Reached XP level 7. HP: 48/54 MP: 7/7
  3827 | Temple   | Entered the Ecumenical Temple
  3838 | Temple   | Became a worshipper of Hepliaklqana the Forgotten
  3857 | D:5      | Entered Level 5 of the Dungeon
  4240 | D:5      | Noticed Ijyb
  4251 | D:5      | Killed Ijyb
  4304 | D:5      | Noticed Menkaure
  4316 | D:5      | Killed Menkaure
  4636 | D:5      | Reached skill level 5 in Fighting
  4636 | D:5      | Reached skill level 5 in Dodging
  4970 | D:5      | Found a snail-covered altar of Cheibriados.
  4980 | D:5      | Gained mutation: You regenerate a little health from kills.
                  | [demonic ancestry]
  4980 | D:5      | Reached XP level 8. HP: 41/62 MP: 8/8
  5276 | D:6      | Reached skill level 5 in Polearms
  5572 | D:6      | Reached * piety under Hepliaklqana
  5801 | D:6      | Found a burning altar of Makhleb.
  5948 | D:7      | Found Mukuoh's General Store.
  6188 | D:7      | Bought a potion of degeneration for 12 gold pieces
  6188 | D:7      | Bought a scroll of teleportation for 36 gold pieces
  6188 | D:7      | Bought a scroll of identify for 24 gold pieces
  6211 | D:7      | Noticed Joseph
  6243 | D:7      | Slain by Joseph

Illustrated notes

Levels and vault maps discovered:
D:1:      dpeg_arrival_short_road, layout_basic, serial_shops, shop,
          hellmonk_ecumenical_altar_crossroads, grunt_decor_cap, minmay_ruptured
D:2:      layout_basic, serial_shops, shop
D:3:      layout_loops_ring, gup_sewer_entry_bowl,
          ebering_ghost_reflecting_pool, dk_noncrumbling_2
D:4:      layout_loops_ring, nicolae_wu_jian_glorious_leap,
          minmay_temple_entry_trees, kennysheep_generic_room_10
D:5:      layout_loops_ring, slow_altar_2, uniq_menkaure, uniq_ijyb
D:6:      layout_rooms, mainiacjoe_overflow_boulevard, lemuel_tele_altar
D:7:      layout_loops_ring, serial_shops,
          nicolae_shop_temple_entry_statues_fountains, kennysheep_mini_moat,
          shop, nicolae_shop_rolling_square, nicolae_stop_n_shop_2, uniq_maggie,
          uniq_joseph
Temple:   eino_temple_water

Skill      XL: |  1  2  3  4  5  6  7  8 |
---------------+-------------------------+-----
Polearms       | 3 4 5 |  5.6
Dodging        | 3 4 5 |  5.7
Armour         | 1 2 3 4 |  4.8
Fighting       | 3 4 5 |  5.8
Throwing       | |  1.7

Action                     |  1- 3 |  4- 6 |  7- 9 || total
---------------------------+-------+-------+-------++-------
  Melee: Trident           |    98 |   290 |   193 ||   581
         Punch             |     2 |     1 |       ||     3
         Unarmed           |       |       |     4 ||     4
  Throw: Throwing net      |     1 |     1 |     3 ||     5
    Use: Scroll            |     4 |     5 |     3 ||    12
         Potion            |       |       |     4 ||     4
   Stab: Sleeping          |     1 |     1 |     1 ||     3
         Held in net/web   |       |     1 |     1 ||     2
 Armour: Leather armour    |    39 |   174 |   132 ||   345
         Skin              |       |       |    11 ||    11
  Dodge: Dodged            |    57 |   173 |   152 ||   382

Table legend: (Time is in decaauts)
 A = Elapsed time spent in this place.
 B = Non-inter-level travel time spent in this place.
 C = Inter-level travel time spent in this place.
 D = Time resting spent in this place.
 E = Time spent auto-exploring this place.
 F = Levels seen in this place.
 G = Mean time per level.
                   A        B        C        D        E       F      G
               +--------+--------+--------+--------+--------+-----+--------+
         Total |   6361 |   6009 |    352 |    231 |   4401 |   9 |  706.8 |
       Dungeon |   5675 |   5324 |    351 |    231 |   4092 |   7 |  810.7 |
        Temple |     22 |     22 |      0 |      0 |      0 |   1 |   22.0 |
         Sewer |    663 |    663 |      0 |      0 |    308 |   1 |  663.0 |
               +--------+--------+--------+--------+--------+-----+--------+

Top non-repeatable levels by time:
     D:5: 1415 daAuts
     D:6: 912 daAuts
     D:3: 859 daAuts
     D:2: 811 daAuts
     D:4: 805 daAuts
     D:1: 800 daAuts
   Sewer: 663 daAuts
     D:7: 70 daAuts
  Temple: 22 daAuts
